 Dungeon Crawl Stone Soup version 0.21.1-1-g345015f (webtiles) character file.

123 HammerPanzer the Slasher (level 4, -1/41 HPs)
             Began as a Draconian Berserker on Apr 4, 2018.
             Was a Believer of Trog.
             Slain by an orc priest (3 damage)
             ... on level 3 of the Dungeon.
             The game lasted 00:05:18 (2009 turns).

HammerPanzer the Slasher (Draconian Berserker)      Turns: 2009, Time: 00:05:19

Health: -1/41      AC:  8    Str: 20    XL:     4   Next: 80%
Magic:  4/4        EV: 12    Int:  7    God:    Trog [**....]
Gold:   142        SH:  0    Dex: 11    Spells: 3/3 levels left

rFire    . . .     SeeInvis .   a - +0 falchion
rCold    . . .     Gourm    .   (no shield)
rNeg     . . .     Faith    .   (armour unavailable)
rPois    .         Spirit   .   (helmet restricted)
rElec    .         Reflect  .   (no cloak)
rCorr    .         Harm     .   h - +1 pair of gloves
MR       .....                  i - +0 pair of boots
Stlth    +.........             (no amulet)
HPRegen  0.13/turn              o - ring of flight
MPRegen  0.09/turn              (no ring)

@: no status effects
A: unfitting armour, cold-blooded, AC +5
a: Berserk, Trog's Hand, Burn Spellbooks, Renounce Religion, Evoke Flight


You were on level 3 of the Dungeon.
You worshipped Trog.
Trog was pleased with you.
You were not hungry.

You visited 1 branch of the dungeon, and saw 3 of its levels.

You collected 142 gold pieces.

Inventory:

Hand Weapons
 a - a +0 falchion (weapon)
Missiles
 m - 6 javelins of returning (quivered)
Armour
 h - a +1 pair of gloves (worn)
 i - a +0 pair of boots (worn)
Jewellery
 o - a ring of flight (left hand)
Scrolls
 c - 2 scrolls of enchant armour
 e - a scroll of teleportation {unknown}
 f - 3 scrolls of remove curse
Potions
 g - 2 potions of curing {unknown}
 j - a potion of heal wounds {unknown}
 k - 3 potions of degeneration {unknown}
 l - a potion of brilliance {unknown}
 n - a potion of cancellation {unknown}
Comestibles
 b - 7 rations


   Skills:
 + Level 4.4 Fighting
 * Level 4.9 Long Blades
 - Level 2.6 Dodging


You had 3 spell levels left.
You didn't know any spells.

Dungeon Overview and Level Annotations

Branches:
Dungeon (3/15)

Altars:


Innate Abilities, Weirdness & Mutations

Your plain brown scales are hard. (AC +5)
You cannot fit into any form of body armour.
You are cold-blooded and may be slowed by cold attacks.


Message History

The orc priest is heavily wounded.
The orc priest hits you but does no damage.
You closely miss the orc priest.
The orc priest is heavily wounded.
The orc priest casts a cantrip, but nothing happens.
You slash the orc priest!
Your tail-slap misses the orc priest.
The orc priest is almost dead.
The orc priest closely misses you.
You closely miss the orc priest.
The orc priest is almost dead.
The orc priest invokes the aid of Beogh against you.
Beogh smites you!
* * * LOW HITPOINT WARNING * * *
The orc priest mumbles some strange prayers to Beogh against you.
Beogh smites you!
* * * LOW HITPOINT WARNING * * *
You hit the orc priest.
The orc priest is almost dead.
The orc priest hits you.
You die...

#... #..# #..# ..#
..# #.# #o# #@#
#.################
#................#
##########........
#.#####.# #.# #.#
#)# #.# #.# #..
#.# ###


You could see an orc priest.

Vanquished Creatures
  An orc wizard (D:3)
  3 adders
  2 oozes (D:3)
  3 worms (D:2)
  A dart slug (D:1)
  5 orcs (D:3)
  A ball python (D:1)
  5 bats
  A giant cockroach (D:1)
  5 goblins
  5 hobgoblins
  4 jackals
  4 kobolds
  5 rats
45 creatures vanquished.

Vanquished Creatures (others)
  A quokka (D:3)
1 creature vanquished.

Grand Total: 46 creatures vanquished

Notes
Turn   | Place    | Note
-------+----------+-------------------------------------------
     0 | D:1      | HammerPanzer the Draconian Berserker began the quest for the Orb.
     0 | D:1      | Reached XP level 1. HP: 19/19 MP: 1/1
   281 | D:1      | Reached XP level 2. HP: 26/26 MP: 2/2
   738 | D:2      | Reached XP level 3. HP: 29/33 MP: 3/3
  1006 | D:2      | Reached ** piety under Trog
  1542 | D:3      | Reached XP level 4. HP: 40/40 MP: 4/4
  2008 | D:3      | HP: 2/41 [orc priest/divine providence (10)]
  2009 | D:3      | Slain by an orc priest

Skill      XL: |  1  2  3 |
---------------+----------+-----
Long Blades    | 4 |  4.9
Fighting       | 4 |  4.4
Dodging        | |  2.6

Action                   |  1- 3 |  4- 6 || total
-------------------------+-------+-------++-------
Melee: Falchion          |    94 |    44 ||   138
       Tailslap          |    14 |     5 ||    19
Invok: Berserk           |     1 |       ||     1
  Use: Scroll            |     5 |       ||     5
 Stab: Sleeping          |     1 |       ||     1
  Eat: Chunk             |     2 |     3 ||     5
Armor: Skin              |    25 |    11 ||    36
Dodge: Dodged            |    59 |    12 ||    71
       Rpst.: Falchion   |    22 |     7 ||    29
